 Dungeon Crawl Stone Soup version 0.26-a0-707-g31817bcca1 (webtiles) character file.

Game seed: 16523711190257885801

145203 marklar909 the Executioner (level 17, -23/156 HPs)
             Began as a Hill Orc Monk on Oct 27, 2020.
             Was the Champion of Qazlal.
             Annihilated by a dire elephant simulacrum (39 damage)
             ... in an ice cave.
             The game lasted 00:58:39 (33889 turns).

marklar909 the Executioner (Hill Orc Monk)         Turns: 33889, Time: 00:58:40

Health: -23/156    AC: 25    Str: 31    XL:     17   Next: 12%
Magic:  0/26       EV: 14    Int: 10    God:    Qazlal [******]
Gold:   1370       SH:  8    Dex: 13    Spells: 16/16 levels left

rFire    . . .     SeeInvis +   b - +10 battleaxe of Interdependent Arising {vorpal, *Corrode MR++ Str+4}
rCold    . . .     Faith    .   (shield currently unavailable)
rNeg     + . .     Spirit   +   i - +1 chain mail {rPois}
rPois    +         Reflect  .   g - +2 helmet {SInv}
rElec    .         Harm     .   C - +2 cloak {Stlth+}
rCorr    .         Rampage  .   k - +2 pair of gloves
MR       +++..                  (no boots)
Stlth    ..........             z - amulet of guardian spirit
HPRegen  0.36/turn              h - +6 ring of strength
MPRegen  0.20/turn              K - ring of positive energy

@: repel missiles
A: no striking features
}: 1/15 runes: decaying
a: Upheaval, Elemental Force, Disaster Area, Renounce Religion


You were in an ice cave.
You worshipped Qazlal.
Qazlal was exalted by your worship.
You visited 6 branches of the dungeon, and saw 28 of its levels.
You also visited: Ice Cave.

You collected 2938 gold pieces.
You spent 1568 gold pieces at shops.

Inventory:

Hand Weapons
 a - the +8 executioner's axe of Equilibrium {freeze, rN+ Dex+2}
   (You acquired it on level 6 of the Lair of Beasts)

   It has been specially enchanted to freeze those struck by it, causing extra
   injury to most foes and up to half again as much damage against particularly
   susceptible opponents.
   It can also slow down cold-blooded creatures.
   It affects your dexterity (+2).
   It protects you from negative energy.
 b - the +10 battleaxe of Interdependent Arising (weapon) {vorpal, *Corrode MR++ Str+4}
   (You bought it in a shop on level 2 of the Orcish Mines)

   It inflicts extra damage upon your enemies.
   It affects your strength (+4).
   It affects your resistance to hostile enchantments.
   It may corrode you when you take damage.
Missiles
 r - 71 poisoned darts (quivered)
Armour
 g - a +2 helmet of see invisible (worn)
 i - a +1 chain mail of poison resistance (worn)
 k - a +2 pair of gloves (worn)
 C - a +2 cloak of stealth (worn)
Jewellery
 h - a +6 ring of strength (left hand)
 j - a cursed amulet of inaccuracy {unknown}
 y - an uncursed ring of flight
 z - an amulet of guardian spirit (around neck)
 K - a ring of positive energy (right hand)
 M - an uncursed ring of resist corrosion
Wands
 f - a wand of paralysis (7)
 A - a wand of acid (11)
 B - a wand of digging (8)
 G - a wand of iceblast (23)
Scrolls
 c - 12 scrolls of identify
 e - 4 scrolls of enchant armour
 l - 5 scrolls of immolation
 p - 10 scrolls of remove curse
 t - 5 scrolls of fear
 v - 6 scrolls of teleportation
 x - 4 scrolls of amnesia
 D - 4 scrolls of blinking
 E - a scroll of vulnerability {unknown}
 R - a scroll of fog
Potions
 d - 16 potions of curing
 m - 5 potions of heal wounds
 n - 2 potions of berserk rage
 o - 2 potions of ambrosia
 q - 4 potions of flight
 s - 3 potions of brilliance
 u - 5 potions of might
 w - 5 potions of haste
 F - 6 potions of mutation
 I - 6 potions of stabbing
 J - 2 potions of magic
 P - 2 potions of lignification
Miscellaneous
 N - a condenser vane (1/2)


   Skills:
 + Level 15.4 Fighting
 + Level 21.6 Axes
 + Level 2.2 Throwing
 * Level 14.5 Armour
 * Level 9.6 Dodging
 - Level 3.6 Stealth
 * Level 12.9 Invocations
 + Level 2.6 Evocations


You had 16 spell levels left.
You didn't know any spells.
Your spell library contained the following spells:

 Spells                   Type           Power        Failure   Level
 Animate Skeleton         Necr           #.....       77%         1
 Beastly Appendage        Tmut           #.....       77%         1
 Freeze                   Ice            #...         77%         1
 Pain                     Necr           #...         77%         1
 Passwall                 Tmut/Erth      #.......     88%         2
 Frozen Ramparts          Ice            #.....       98%         3
 Ozocubu's Armour         Ice            #.......     98%         3
 Vampiric Draining        Necr           #.........   98%         3
 Animate Dead             Necr           #.........   100%        4
 Hailstorm                Conj/Ice       #.......     100%        4
 Leda's Liquefaction      Hex/Erth       #.........   100%        4
 Summon Ice Beast         Ice/Summ       #.......     100%        4
 Agony                    Necr           #.......     100%        5
 Blade Hands              Tmut           #.........   100%        5
 Bolt of Magma            Conj/Fire/Erth #.........   100%        5
 Irradiate                Conj/Tmut      #.........   100%        5
 Hydra Form               Tmut           #.........   100%        6
 Iron Shot                Conj/Erth      #.........   100%        6
 Statue Form              Tmut/Erth      #........    100%        6
 Dragon Form              Tmut           #.........   100%        7
 Shatter                  Erth           #.........   100%        9


Dungeon Overview and Level Annotations

Branches:
Dungeon (13/15)            Temple (1/1) D:5            Lair (6/6) D:9
  Swamp (4/4) Lair:2       Spider (2/4) Lair:3        Slime (0/5) Lair:5
    Orc (2/2) D:10            Elf (0/3) Orc:2         IceCv (1/1)
 Vaults: D:13-14

Altars:
Ashenzari
Cheibriados
Dithmenos
Elyvilon
Fedhas
Gozag
Hepliaklqana
Kikubaaqudgha
Makhleb
Nemelex Xobeh
Okawaru
Qazlal
Ru
Sif Muna
Trog
Uskayaw
Vehumet
Wu Jian
Xom
Yredelemnul
Zin
The Shining One
Beogh
Jiyva

Shops:
D:7 !   D:10 ([*   D:12 (   Orc:2 [:?(

Annotations:
Swamp:4 1 runed translucent door, Demosthentine's ghost, adept MfGl


Message History

There is an ice covered gate leading back out of this place here.
Unknown command.
You hit the dire elephant simulacrum.
The dire elephant simulacrum is heavily damaged.
The dire elephant simulacrum tramples you but does no damage.
The dire elephant simulacrum trunk-slaps you but does no damage.
Unknown command.
You slash the dire elephant simulacrum!
The dire elephant simulacrum is severely damaged.
Unknown command.
You completely miss the dire elephant simulacrum.
The dire elephant simulacrum is severely damaged.
You lop one of the five-headed hydra simulacrum's heads off!
You chop the four-headed hydra simulacrum into pieces!!!
The four-headed hydra simulacrum vapourises!
Qazlal accepts your kill.
The dire elephant simulacrum tramples you!!
* * * LOW HITPOINT WARNING * * *
The dire elephant simulacrum freezes you!!!
You die...

##### ##...##
##..○..##
#..§§°..#
#.°.@§☼.#
##.§Z§§##
##§§.##
##§§§# #.§§##
#.§§## ##...#
####...####
##.#.....#.##


You could see a dire elephant simulacrum.

Vanquished Creatures
  3 thorn hunters
  Kirke (Swamp:1)
  Roxanne (Swamp:1)
  Donald (Swamp:1)
  3 entropy weavers
  An ettin (Orc:2)
  Josephine (Lair:5)
  Harold (Lair:2)
  4 ogre magi
  Erolcha (Orc:1)
  Fannar (D:12)
  20 hydras
  A shambling mangrove (Swamp:4)
  4 ghost crabs
  6 two-headed ogres
  7 alligators
  A death yak (Lair:3)
  A queen ant (Spider:1)
  Nergalle (Orc:2)
  Sonja (Lair:2)
  A fire crab (Lair:5)
  A skeletal warrior (D:12)
  2 spriggan druids
  7 swamp dragons
  2 unseen horrors
  2 orc knights (Orc:2)
  11 wolf spiders
  2 orb spiders
  7 orc sorcerers (Orc:2)
  2 ugly things
  A moth of wrath (Spider:2)
  19 elephants
  A torpor snail (Lair:3)
  3 black mambas
  A gargoyle (D:12)
  2 centaur skeletons
  20 cane toads
  Maurice (D:8)
  2 ice statues (IceCv)
  2 rime drakes
  A demonic crawler (Spider:2)
  8 komodo dragons
  A golden dragon simulacrum (IceCv)
  4 ice devils (IceCv)
  A troll (D:10)
  3 jumping spiders
  14 hornets
  4 polar bears
  12 tyrant leeches
  A bog body (Swamp:4)
  8 blink frogs (Lair:4)
  17 dream sheep
  11 slime creatures
  5 tarantellas
  A wyvern (D:10)
  24 redbacks
  A shadow (Swamp:3)
  17 spriggans
  38 yaks
  2 hogs (Swamp:1)
  4 wraiths (Lair:5)
  4 basilisks
  18 swamp worms
  2 wargs
  A harpy simulacrum (IceCv)
  8 vampire mosquitoes
  3 soldier ants (Spider:1)
  10 insubstantial wisps (Swamp:4)
  2 hydra simulacra (IceCv)
  10 water moccasins
  20 swamp drakes
  18 orc warriors
  11 black bears
  7 ice beasts
  3 sky beasts
  14 ogres
  5 boggarts (Lair:6)
  12 centaurs
  3 necrophages
  A phantom (D:6)
  26 wolves
  2 big kobolds
  8 bullfrogs
  A wyvern zombie (D:12)
  4 scorpions
  A water moccasin skeleton (D:10)
  17 killer bees
  11 wights
  2 electric eels
  2 howler monkeys
  4 centaur zombies
  A bullfrog zombie (D:12)
  2 bullfrog skeletons
  2 jellies
  15 orc priests
  6 hounds
  3 iguanas
  Natasha (thrice) (D:3)
  30 orc wizards
  6 hell rats (Lair:6)
  27 worker ants
  2 hound skeletons
  10 gnolls
  A howler monkey skeleton (D:4)
  27 adders
  3 shadow imps
  3 white imps
  3 ufetubi
  An ooze (D:2)
  An adder zombie (D:5)
  3 worms
  4 dart slugs
  11 leopard geckos
  66 orcs
  3 ball pythons
  8 giant cockroaches
  8 goblins
  3 hobgoblins
  18 jackals
  3 quokkas
  6 bats
  5 frilled lizards
  13 kobolds
  2 leopard gecko skeletons
  A leopard gecko zombie (D:6)
  A quokka zombie (D:9)
  5 rats
  10 briar patches (Swamp:2)
  A bush (D:3)
873 creatures vanquished.

Vanquished Creatures (others)
  A human (Swamp:1)
  An ogre (D:5)
  3 wights (D:10)
  A hound (D:5)
  2 orc wizards
  A white imp (D:5)
  An ufetubus (D:5)
  An orc (D:5)
  A giant cockroach (D:5)
  2 jackals (D:10)
  A briar patch (Swamp:4)
  37 fungi
  62 plants
114 creatures vanquished.

Grand Total: 987 creatures vanquished

Notes
Turn   | Place    | Note
-------+----------+-------------------------------------------
     0 | D:1      | marklar909 the Hill Orc Monk began the quest for the Orb.
     0 | D:1      | Reached XP level 1. HP: 19/19 MP: 1/1
   268 | D:1      | Reached XP level 2. HP: 27/27 MP: 2/2
   868 | D:2      | Reached XP level 3. HP: 28/33 MP: 3/3
  1300 | D:2      | Reached skill level 5 in Axes
  1300 | D:2      | Reached XP level 4. HP: 32/40 MP: 4/4
  1400 | D:2      | Found a glowing golden altar of the Shining One.
  1528 | D:2      | Found a sacrificial altar of Ru.
  1781 | D:3      | Noticed Natasha
  1834 | D:3      | Killed Natasha
  1834 | D:3      | Reached skill level 1 in Armour
  1834 | D:3      | Reached XP level 5. HP: 31/46 MP: 5/5
  2150 | D:3      | Noticed Natasha
  2165 | D:3      | Killed Natasha
  2436 | D:3      | Noticed Natasha
  2449 | D:3      | Killed Natasha
  2449 | D:3      | Reached skill level 6 in Axes
  2643 | D:3      | Reached XP level 6. HP: 51/53 MP: 6/6
  3131 | D:4      | Found an iron altar of Okawaru.
  3348 | D:4      | Reached skill level 7 in Axes
  4268 | D:5      | Entered Level 5 of the Dungeon
  4273 | D:5      | Reached XP level 7. HP: 56/60 MP: 7/7
  4737 | D:5      | Reached skill level 5 in Fighting
  4737 | D:5      | Reached skill level 8 in Axes
  4864 | D:5      | Reached XP level 8. HP: 44/68 MP: 8/8
  5103 | D:5      | Found a staircase to the Ecumenical Temple.
  5111 | D:5      | Found the +7 Singing Sword {vorpal, sonic wave}
  5154 | Temple   | Entered the Ecumenical Temple
  5228 | Temple   | Became a worshipper of Qazlal Stormbringer
  5228 | Temple   | Reached * piety under Qazlal
  5228 | Temple   | Reached ** piety under Qazlal
  5343 | D:5      | Found a shimmering altar of Xom.
  6454 | D:6      | Found a hazy altar of Hepliaklqana.
  6460 | D:6      | Identified the cursed +1 hand axe "Ashaet" {vamp, rF+}
  6748 | D:5      | Reached skill level 9 in Axes
  6830 | D:6      | Reached skill level 1 in Throwing
  7058 | D:6      | Reached skill level 10 in Axes
  7694 | D:7      | Reached skill level 5 in Armour
  7694 | D:7      | Reached XP level 9. HP: 69/75 MP: 7/9
  7949 | D:7      | Found a white marble altar of Elyvilon.
  7961 | D:7      | Reached *** piety under Qazlal
  7961 | D:7      | Reached skill level 11 in Axes
  8031 | D:7      | Found Cykuwasu's Distillery.
  8524 | D:8      | Found a sparkling altar of Nemelex Xobeh.
  8709 | D:8      | Reached skill level 12 in Axes
  9047 | D:8      | Noticed Maurice
  9061 | D:8      | Killed Maurice
  9061 | D:8      | Reached skill level 5 in Dodging
  9061 | D:8      | Reached XP level 10. HP: 85/86 MP: 7/10
  9357 | D:8      | Found a sparkling altar of Nemelex Xobeh.
  9715 | D:9      | Found a snail-covered altar of Cheibriados.
  9760 | D:9      | Found a staircase to the Lair.
 10142 | D:9      | Reached skill level 13 in Axes
 10270 | D:9      | Reached **** piety under Qazlal
 11351 | D:9      | Noticed a black mamba
 11351 | D:9      | a centaur changed into a black mamba
 11534 | D:9      | a black mamba changed into a hog
 11565 | D:9      | Reached skill level 1 in Evocations
 11763 | D:10     | Entered Level 10 of the Dungeon
 11779 | D:10     | Reached skill level 1 in Invocations
 11906 | D:10     | Found Qesaish's Armour Shoppe.
 11907 | D:10     | Found a staircase to the Orcish Mines.
 12233 | D:10     | Found Viax Zarch's Weapon Shoppe.
 12241 | D:10     | Bought a +0 hand axe of flaming for 103 gold pieces
 12683 | D:10     | Reached XP level 11. HP: 95/95 MP: 13/13
 13042 | D:10     | Found Ygynon's Demolitions Depot.
 13730 | D:11     | Noticed an unseen horror
 13734 | D:11     | Killed an unseen horror
 13743 | D:11     | Reached ***** piety under Qazlal
 13751 | D:11     | Reached skill level 14 in Axes
 13979 | D:11     | Reached skill level 5 in Invocations
 14010 | D:11     | Noticed a red ugly thing
 14501 | D:11     | Found a stormy altar of Qazlal.
 14528 | D:11     | Killed a red ugly thing
 15431 | D:12     | Found Jedisy's Antique Weapon Boutique.
 15434 | D:12     | Noticed an unseen horror
 15451 | D:12     | Killed an unseen horror
 15456 | D:12     | Reached skill level 15 in Axes
 15458 | D:12     | Noticed a purple ugly thing
 15777 | D:12     | Killed a purple ugly thing
 15778 | D:12     | Noticed Fannar
 15780 | D:12     | Reached XP level 12. HP: 100/106 MP: 14/17
 15809 | D:12     | Killed Fannar
 15862 | D:12     | Noticed a two-headed ogre
 15867 | D:12     | Killed a two-headed ogre
 15867 | D:12     | Reached skill level 10 in Fighting
 15923 | D:12     | Noticed a two-headed ogre
 15932 | D:12     | Killed a two-headed ogre
 15939 | D:12     | Noticed a death knight
 16582 | Lair:1   | Entered Level 1 of the Lair of Beasts
 17570 | Lair:2   | Noticed Sonja
 17573 | Lair:2   | Reached skill level 16 in Axes
 17593 | Lair:2   | Killed Sonja
 17911 | Lair:2   | Noticed Harold
 17928 | Lair:2   | Killed Harold
 18195 | Lair:2   | Noticed a four-headed hydra
 18209 | Lair:2   | Killed a one-headed hydra
 18416 | Lair:2   | Noticed a five-headed hydra
 18429 | Lair:2   | Killed a one-headed hydra
 18429 | Lair:2   | Reached XP level 13. HP: 93/115 MP: 16/19
 18576 | Lair:2   | Reached skill level 17 in Axes
 18605 | Lair:2   | Found a staircase to the Swamp.
 19263 | Lair:3   | Reached ****** piety under Qazlal
 19465 | Lair:3   | Reached skill level 10 in Invocations
 19976 | Lair:3   | Found a hole to the Spider Nest.
 20389 | Lair:4   | Reached skill level 10 in Armour
 21428 | Lair:5   | Reached skill level 18 in Axes
 21847 | Lair:5   | Noticed Josephine
 21851 | Lair:5   | Killed Josephine
 21851 | Lair:5   | Reached XP level 14. HP: 92/125 MP: 19/22
 22167 | Lair:5   | Found a staircase to the Slime Pits.
 22168 | Lair:5   | Found a viscous altar of Jiyva.
 22241 | Lair:5   | Got a slimy brass ring
 22722 | Lair:6   | Entered Level 6 of the Lair of Beasts
 23007 | Lair:5   | Reached skill level 19 in Axes
 24857 | Lair:6   | Identified a scroll of acquirement
 24857 | Lair:6   | Acquired the +8 executioner's axe of Equilibrium {freeze,
                  | rN+ Dex+2}
 24961 | Lair:2   | Identified the ring of Tigomu {Ice Slay+3} (You found it on
                  | level 5 of the Lair of Beasts)
 25089 | Orc:1    | Entered Level 1 of the Orcish Mines
 25098 | Orc:1    | Noticed Erolcha
 25100 | Orc:1    | Killed Erolcha
 25102 | Orc:1    | Found a roughly hewn altar of Beogh.
 25165 | Orc:2    | Entered Level 2 of the Orcish Mines
 25193 | Orc:2    | Reached XP level 15. HP: 114/135 MP: 21/23
 25197 | Orc:2    | Found a staircase to the Elven Halls.
 25320 | Orc:2    | Found Tunnusewn's Antique Weapon Boutique.
 25349 | Orc:2    | Found Ajithigh's Antique Armour Shop.
 25382 | Orc:2    | Found a radiant altar of Vehumet.
 25425 | Orc:2    | Bought a glowing helmet for 217 gold pieces
 25503 | Orc:2    | Bought a fine battleaxe for 356 gold pieces
 25516 | Orc:2    | Found an ancient bone altar of Kikubaaqudgha.
 25516 | Orc:2    | Noticed Nergalle
 25522 | Orc:2    | Killed Nergalle
 25522 | Orc:2    | Reached skill level 20 in Axes
 25522 | Orc:2    | Paralysed by an orc sorcerer for 3 turns
 25534 | Orc:2    | Found Obbepim's Magic Scroll Shop.
 25553 | Orc:2    | Bought a scroll of identify for 32 gold pieces
 25553 | Orc:2    | Bought a scroll of teleportation for 48 gold pieces
 25560 | Orc:2    | Found a roughly hewn altar of Beogh.
 25573 | Orc:2    | Found Gebo's Book Boutique.
 26647 | D:10     | Identified the +10 battleaxe of Interdependent Arising
                  | {vorpal, *Corrode MR++ Str+4} (You bought it in a shop on
                  | level 2 of the Orcish Mines)
 26853 | Swamp:1  | Entered Level 1 of the Swamp
 26864 | Swamp:1  | Noticed Donald
 26874 | Swamp:1  | Killed Donald
 26907 | Swamp:1  | Identified Roxanne's Disquisition on Transformation
 26907 | Swamp:1  | Noticed Roxanne
 26939 | Swamp:1  | Killed Roxanne
 27417 | Swamp:1  | Noticed Kirke
 27427 | Swamp:1  | Killed Kirke
 28290 | Swamp:2  | Noticed a thorn hunter
 28309 | Swamp:2  | Killed a thorn hunter
 29164 | Swamp:3  | Reached XP level 16. HP: 113/146 MP: 19/24
 29241 | Swamp:3  | Reached skill level 21 in Axes
 29727 | Swamp:3  | Found a broken altar of Ashenzari.
 29994 | Swamp:4  | Entered Level 4 of the Swamp
 30640 | Swamp:4  | Noticed a thorn hunter
 30955 | Swamp:4  | Killed a thorn hunter
 31136 | Swamp:4  | Noticed a thorn hunter
 31151 | Swamp:4  | Killed a thorn hunter
 31366 | Swamp:4  | Got a decaying rune of Zot
 31899 | Swamp:4  | Found a runed translucent door.
 31899 | Swamp:4  | Found a shimmering altar of Xom.
 31899 | Swamp:4  | Noticed Demosthentine's ghost (adept MfGl)
 31899 | Swamp:4  | Identified the cursed +1 quick blade "Kaadonen" {chaos,
                  | Int+3}
 32349 | Orc:2    | Bought a jewelled plate armour for 812 gold pieces
 32349 | Orc:2    | Identified the +9 plate armour of Veiw {rC+ Str+4} (You
                  | bought it in a shop on level 2 of the Orcish Mines)
 32573 | Spider:1 | Entered Level 1 of the Spider Nest
 32643 | Spider:1 | Reached skill level 15 in Fighting
 33385 | Spider:2 | Reached XP level 17. HP: 113/156 MP: 22/26
 33648 | Spider:2 | Found a frozen archway.
 33664 | IceCv    | Entered an ice cave
 33889 | IceCv    | Annihilated by a dire elephant simulacrum

Illustrated notes

Levels and vault maps discovered:
D:1:      lightli_arrival_windingriver, layout_loops_ring
D:2:      layout_rooms, nicolae_tso_carved_into_rock,
          nicolae_overflow_crystal_walls
D:3:      layout_basic, serial_forest, infiniplex_forest_fountain,
          infiniplex_forest_clump_diagonal, infiniplex_forest_clump_medium,
          infiniplex_forest_clump_small, infiniplex_forest_side_room,
          infiniplex_forest_clump_curved, infiniplex_forest_clump_small,
          uniq_natasha
D:4:      layout_basic, okawaru_metal_pillars_1_2, grunt_ministairs_2
D:5:      layout_basic, minmay_temple_entry_drinking_statues,
          minmay_misc_feat_rugged, xom_confusion_cloud
D:6:      layout_loops_cross, basic_altar
D:7:      layout_rooms, elyvilon_altar_5, serial_shops, shop
D:8:      kennysheep_six_static_rooms, layout_loops_ring,
          nemelex_xobeh_ov_fountains_minmay, nemelex_spade_bored_becter,
          uniq_maurice
D:9:      layout_roguey, lemuel_round_altar, dpeg_oklobed_lair, centaur_isle
D:10:     layout_loops_corners, orc_david_3, nicolae_blasting_shop,
          kennysheep_big_empty_room
D:11:     layout_loops_ring, basic_altar, hex_medium
D:12:     layout_loops_ring, basic_altar, ebering_ghost_funeral_grove,
          serial_shops, shop, uniq_fannar, uniq_azrael
D:13:     layout_loops_ring, gauntlet_entry_generic
Temple:   nicolae_temple_x_marks_the_god
Lair:1:   layout_loops_ring, serial_bayou_pond_a
Lair:2:   layout_cave_pods, palyth_hydra_swamp_entry, uniq_sonja, uniq_harold
Lair:3:   layout_hall_layers, dummy_spider_entry, grunt_megastairs_1,
          serial_bayou_shore_a
Lair:4:   layout_cave_pods
Lair:5:   minmay_lair_venomous_thicket, layout_regular_city, slime_altar_1,
          uniq_josephine
Lair:6:   minmay_lair_end_enchanted_forest, layout_gridlike
Swamp:1:  layout_falls_marsh, evilmike_swamp_ruin_house_5, swamp_pool4,
          infiniplex_staircase_pool_2, uniq_kirke, uniq_roxanne, uniq_donald
Swamp:2:  layout_basic_swamp, infiniplex_staircase_pool
Swamp:3:  layout_basic_swamp, nicolae_swamp_godswood
Swamp:4:  swamp, layout_basic_swamp, ebering_ghost_xom, swamp_pool5,
          serial_swamp_ruin, evilmike_swamp_ruin_rubble_2,
          hangedman_swamp_ruin_wall
Spider:1: layout_spider_delve, minmay_another_anthill
Spider:2: layout_spider_delve, portal_ice_cave_entry_pillars_1,
          hangedman_spider_mandibles
Orc:1:    layout_diamond_mine, basic_altar, uniq_erolcha
Orc:2:    kennysheep_orc_mage_school, layout_caves
IceCv:    ice_cave_tombish

Skill      XL: |  1  2  3  4  5  6  7  8  9 10 11 12 13 14 15 16 |
---------------+-------------------------------------------------+-----
Fighting       | 4 5 6 7 8 9 10 11 13 14 15 | 15.4
Stealth        | 2 3 |  3.6
Axes           | 5 6 7 8 10 12 13 15 16 18 19 20 21 | 21.6
Dodging        | 3 4 5 6 7 8 9 |  9.6
Armour         | 1 2 3 5 6 7 8 9 10 11 13 14 | 14.5
Throwing       | 1 2 |  2.2
Evocations     | 2 |  2.6
Invocations    | 3 6 9 10 11 12 | 12.9

Action                   |  1- 3 |  4- 6 |  7- 9 | 10-12 | 13-15 | 16-18 || total
-------------------------+-------+-------+-------+-------+-------+-------++-------
Melee: Hand axe          |   118 |   399 |   425 |   516 |    87 |    86 ||  1631
       Battleaxe         |       |       |       |   294 |   661 |   353 ||  1308
       Executioner's axe |       |       |       |       |   109 |       ||   109
Throw: Dart              |       |       |    23 |    16 |       |       ||    39
Invok: Upheaval          |       |       |       |     1 |     2 |     2 ||     5
       Disaster Area     |       |       |       |       |     2 |       ||     2
Evoke: Wand              |       |       |     2 |    34 |       |     3 ||    39
       Condenser vane    |       |       |       |       |     1 |     1 ||     2
  Use: Scroll            |     1 |    11 |     5 |    16 |    12 |     3 ||    48
       Potion            |       |       |       |     2 |     1 |       ||     3
 Stab: Sleeping          |     5 |     2 |     1 |       |       |       ||     8
       Paralysed         |       |       |       |     2 |       |       ||     2
Armor: Robe              |    14 |       |       |       |       |       ||    14
       Ring mail         |    37 |    87 |   150 |   168 |       |       ||   442
       Chain mail        |       |       |       |    74 |   396 |   250 ||   720
Dodge: Dodged            |    81 |   193 |   252 |   490 |   436 |   252 ||  1704
       Repelled          |       |       |       |     4 |    11 |     9 ||    24
Block: Other             |       |       |    37 |   193 |   280 |   175 ||   685

Table legend: (Time is in decaauts)
 A = Elapsed time spent in this place.
 B = Non-inter-level travel time spent in this place.
 C = Inter-level travel time spent in this place.
 D = Time resting spent in this place.
 E = Time spent auto-exploring this place.
 F = Levels seen in this place.
 G = Mean time per level.
                   A        B        C        D        E       F      G
               +--------+--------+--------+--------+--------+-----+--------+
         Total |  33719 |  31263 |   2456 |   6845 |  18856 |  29 | 1162.7 |
       Dungeon |  16618 |  15578 |   1040 |   4065 |   8526 |  13 | 1278.3 |
        Temple |     84 |     51 |     33 |      0 |     50 |   1 |   84.0 |
          Lair |   8633 |   8002 |    631 |   1748 |   5241 |   6 | 1438.8 |
         Swamp |   5451 |   5149 |    302 |    840 |   3439 |   4 | 1362.8 |
   Spider Nest |   1045 |    886 |    159 |     75 |    499 |   2 |  522.5 |
  Orcish Mines |   1669 |   1380 |    289 |      0 |   1100 |   2 |  834.5 |
      Ice Cave |    217 |    217 |      0 |    117 |      0 |   1 |  217.0 |
               +--------+--------+--------+--------+--------+-----+--------+

Top non-repeatable levels by time:
    D:10: 2378 daAuts
     D:9: 1850 daAuts
    D:11: 1793 daAuts
  Lair:2: 1769 daAuts
  Lair:4: 1716 daAuts
     D:8: 1710 daAuts
     D:4: 1693 daAuts
 Swamp:3: 1642 daAuts
     D:5: 1582 daAuts
  Lair:5: 1547 daAuts
  Lair:6: 1493 daAuts
     D:3: 1427 daAuts
 Swamp:4: 1415 daAuts
 Swamp:1: 1276 daAuts
   Orc:2: 1273 daAuts
